[Event "Team 45 45 League T56"]
[Site "Internet Chess Club"]
[Date "2013.03.31"]
[Round "5"]
[White "browndeer"]
[Black "Andaluz"]
[Result "1-0"]
[WhiteElo "1547"]
[BlackElo "1113"]
[Opening "Petrov: Damiano variation"]
[ECO "C42"]
[Time "13:00:59"]
[TimeControl "2700+45"]

1. e4 e5 2. Nf3 Nf6 3. Nxe5 Nxe4 4. Nf3 Nc6 5. d3 Nf6 6. Nc3 d5 7. Be2 Be7 8.
O-O O-O 9. d4 Re8 10. Be3 h6 11. Qd2 Be6 12. a3 Ne4 13. Qd3 Nxc3 14. Qxc3 Bd7
15. Rfe1 Bd6 16. Qd2 a6 17. Rab1 Rb8 18. b4 b5 19. Bd3 Ne7 20. c3 Qc8 21. Qc2
Bf5 22. Bxf5 Qxf5 23. Qxf5 Nxf5 24. Bd2 Kf8 25. Rxe8+ Rxe8 26. Re1 Rxe1+ 27.
Bxe1 c6 28. Kf1 f6 29. g3 Kf7 30. Ke2 Bc7 31. Bd2 Ke6 32. Ne1 Bd6 33. f3 g5 34.
Nd3 Ne7 35. Nb2 Nf5 36. Be3 Bc7 37. Nd3 Bd6 38. Nb2 Bc7 39. Bd2 Bd6 40. Kd3 Bc7
41. Be1 Ne7 42. Bf2 Ng6 43. Ke2 f5 44. Nd3 Bd6 45. Kf1 Bc7 46. Nc5+ Ke7 47. Nxa6
Bd6 48. Nc5 Bxc5 49. bxc5 Ke6 50. Ke2 Ne7 51. Kd3 Nc8 52. Kc2 Kd7 53. Kb3 Kc7
54. Kb4 Kb7 55. g4 f4 56. h4 Ka6 57. Be1 Ne7 58. h5 Ng8 59. a4 bxa4 60. Kxa4 Nf6
61. Kb4 Ne8 62. c4 dxc4 63. Kxc4 Nc7 64. Bd2 Nd5 65. Kd3 Kb7 66. Ke4 Kc8 67. Kf5
Ne7+ 68. Kf6 Kd7 69. Kg7 Ke8 70. Kxh6 {Black resigns} 1-0

[Event "Team 45 45 League T56"]
[Site "Internet Chess Club"]
[Date "2013.03.23"]
[Round "5"]
[White "Hal2001"]
[Black "bmw2002"]
[Result "1-0"]
[WhiteElo "1647"]
[BlackElo "1561"]
[Opening "Caro-Kann: classical variation"]
[ECO "B18"]
[Time "20:06:45"]
[TimeControl "2700+45"]

1. e4 c6 2. d4 d5 3. Nc3 dxe4 4. Nxe4 Bf5 5. Ng3 Bg6 6. N1e2 e6 7. Nf4 Ne7 8.
Nxg6 Nxg6 9. Bc4 Bd6 10. O-O Qc7 11. Re1 O-O 12. Bd3 Nf4 13. Be4 Nd7 14. c3 Nf6
15. Bc2 Rad8 16. Ne4 Nxe4 17. Rxe4 Nd5 18. Rh4 Nf6 19. Bg5 Be7 20. Bxf6 Bxf6 21.
Rxh7 g6 22. Bxg6 Qf4 23. Bc2 e5 24. Rh3 Kg7 25. Rg3+ Kh6 26. Rh3+ Kg7 27. Rh7+
Kg8 28. Qh5 e4 29. f3 Rd5 30. Qh3 e3 31. Rh8+ {Black resigns} 1-0

[Event "Team 45 45 League T56"]
[Site "Internet Chess Club"]
[Date "2013.03.23"]
[Round "5"]
[White "Mitochondria"]
[Black "MinnArkie"]
[Result "0-1"]
[WhiteElo "1464"]
[BlackElo "1593"]
[Opening "Budapest: Adler variation"]
[ECO "A52"]
[Time "21:00:34"]
[TimeControl "2700+45"]

1. d4 Nf6 2. c4 e5 3. dxe5 Ng4 4. Nf3 Nc6 5. e3 Bb4+ 6. Bd2 Bxd2+ 7. Qxd2 Ngxe5
8. Be2 O-O 9. O-O d6 10. Nc3 b6 11. Rfd1 Bb7 12. b3 Rb8 13. Nd4 Qg5 14. Nd5 Nxd4
15. f4 Nef3+ 16. Bxf3 Nxf3+ 17. Kh1 Qxd5 18. Qxd5 Bxd5 19. Rxd5 Nh4 20. f5 Rfe8
21. Re1 Re4 22. Kg1 Rbe8 23. Kf2 g6 24. g3 Nxf5 25. Rd3 h5 26. a4 a5 27. Kf3
Nd4+ 28. Kf2 Nc2 29. Re2 Nb4 30. Rc3 g5 31. h3 R8e5 32. Kf3 g4+ 33. Kg2 c5 34.
h4 d5 35. cxd5 Nxd5 36. Rd3 Nxe3+ 37. Kf2 Nd1+ {White resigns} 0-1

[Event "Team 45 45 League T56"]
[Site "Internet Chess Club"]
[Date "2013.03.24"]
[Round "5"]
[White "PaulRichard"]
[Black "Zyme"]
[Result "0-1"]
[WhiteElo "1568"]
[BlackElo "1350"]
[Opening "French: Marshall variation"]
[ECO "C10"]
[Time "16:00:32"]
[TimeControl "2700+45"]

1. e4 e6 2. d4 d5 3. Nc3 c5 4. exd5 exd5 5. Bb5+ Nc6 6. Nge2 Nf6 7. dxc5 Bxc5 8.
Bg5 Be6 9. O-O O-O 10. Nf4 Nd4 11. Bxf6 Qxf6 12. Nfxd5 Qg5 13. f4 Nxb5+ 14. Kh1
Nxc3 15. Nxc3 Qg6 16. Qe2 Rfe8 17. Qb5 b6 18. b4 Bd4 19. f5 Bxf5 20. Qxf5 Qxf5
21. Rxf5 Bxc3 22. Raf1 Re1 23. Rxf7 Rxf1+ 24. Rxf1 Re8 25. a3 Re1 26. Rxe1 Bxe1
27. Kg1 Kf7 28. Kf1 Bc3 29. Ke2 Ke6 30. Kd3 Bb2 31. a4 Kd6 32. c4 Be5 33. h3 Bg3
34. Ke4 Be1 35. a5 Bxb4 36. axb6 axb6 37. Kd4 Be1 38. g4 g5 39. Kd3 Kc5 40. Ke2
Bc3 41. Kd3 Bf6 {White resigns} 0-1

[Event "Team 45 45 League T56"]
[Site "Internet Chess Club"]
[Date "2013.03.25"]
[Round "5"]
[White "AlPearson"]
[Black "medsurg"]
[Result "0-1"]
[WhiteElo "1297"]
[BlackElo "1329"]
[Opening "QGD: Marshall defense"]
[ECO "D06"]
[Time "18:00:14"]
[TimeControl "2700+45"]

1. d4 d5 2. c4 Nf6 3. cxd5 Nxd5 4. Nf3 Nc6 5. e4 Nb6 6. a4 Bg4 7. a5 Bxf3 8.
gxf3 Nc8 9. Qa4 Qxd4 10. Bb5 Qxa4 11. Bxa4 e5 12. Nc3 Bb4 13. Bd2 Ne7 14. Bxc6+
Nxc6 15. Nd5 Bxd2+ 16. Kxd2 O-O-O 17. Ke3 Nd4 18. Nb4 Nb3 19. Ra3 Nd4 20. Rc1
Nb5 21. Nd5 Nxa3 22. Rxc7+ Kb8 23. bxa3 Rxd5 24. exd5 Kxc7 {White resigns} 0-1

[Event "Team 45 45 League T56"]
[Site "Internet Chess Club"]
[Date "2013.03.24"]
[Round "5"]
[White "Grenadier"]
[Black "LittleButton"]
[Result "0-1"]
[WhiteElo "1670"]
[BlackElo "1811"]
[Opening "Sicilian: Grand Prix attack, Schofman variation"]
[ECO "B23"]
[Time "15:00:38"]
[TimeControl "2700+45"]

1. e4 c5 2. Nc3 Nc6 3. f4 g6 4. Nf3 Bg7 5. Bc4 e6 6. f5 Nge7 7. fxe6 fxe6 8. d3
O-O 9. Be3 d5 10. exd5 exd5 11. Bb3 b6 12. O-O Ba6 13. Bg5 Bxc3 14. bxc3 c4 15.
dxc4 dxc4 16. Qe2 b5 17. Qe6+ Rf7 18. Nd4 Qe8 19. Nxb5 Bxb5 20. Bxc4 Bxc4 21.
Qxc4 Ne5 22. Qe4 N7c6 23. Rae1 Qd7 24. h4 Raf8 25. Rxf7 Qxf7 26. a4 Qf2+ 27. Kh1
Qf5 28. Qd5+ Kh8 29. Qd6 Ng4 30. Qc5 {White resigns} 0-1

[Event "Team 45 45 League T56"]
[Site "Internet Chess Club"]
[Date "2013.03.22"]
[Round "5"]
[White "Skeptic1972"]
[Black "zepled37"]
[Result "1-0"]
[WhiteElo "1641"]
[BlackElo "1493"]
[Opening "French: classical, Steinitz variation"]
[ECO "C14"]
[Time "17:31:20"]
[TimeControl "2700+45"]

1. e4 e6 2. d4 d5 3. Nc3 Nf6 4. Bg5 Be7 5. e5 Nfd7 6. Bxe7 Qxe7 7. f4 a6 8. Nf3
c5 9. dxc5 Nc6 10. Qd2 Nxc5 11. O-O-O O-O 12. Bd3 b5 13. h4 Bd7 14. Ng5 g6 15.
h5 Nxd3+ 16. Qxd3 f6 17. Nxd5 exd5 18. Qxd5+ Kh8 19. Qxd7 Qxd7 20. Rxd7 fxg5 21.
hxg6 Rfd8 22. Rhxh7+ Kg8 23. Rdg7+ Kf8 24. e6 Re8 25. Rf7+ Kg8 26. e7 Ra7 27.
Rfg7# {Black checkmated} 1-0

[Event "Team 45 45 League T56"]
[Site "Internet Chess Club"]
[Date "2013.03.21"]
[Round "5"]
[White "birk113"]
[Black "BrerRabbit"]
[Result "0-1"]
[WhiteElo "1495"]
[BlackElo "1481"]
[Opening "Pirc: classical system, 5.Be2"]
[ECO "B08"]
[Time "14:01:34"]
[TimeControl "2700+45"]

1. e4 d6 2. d4 Nf6 3. Nc3 g6 4. Nf3 Bg7 5. Be2 O-O 6. O-O c6 7. Bf4 Nbd7 8. e5
Nd5 9. Nxd5 cxd5 10. exd6 e6 11. c3 Nf6 12. Nd2 Bd7 13. Qb3 Bc6 14. a4 Qd7 15.
Qa3 b6 16. b3 Rfd8 17. Rad1 Bf8 18. c4 Bxd6 19. Bxd6 Qxd6 20. Qxd6 Rxd6 21. Nf3
Rc8 22. c5 Rdd8 23. Ra1 Rb8 24. b4 Rdc8 25. b5 Be8 26. c6 Ne4 27. Rfc1 Rc7 28.
a5 Nd6 29. axb6 Rxb6 30. Ra5 f6 31. Rca1 Nc8 32. Nd2 e5 33. Nb3 Bxc6 34. dxe5
Bd7 35. exf6 Rxf6 36. Bf3 Rf5 37. Bg4 Rf4 38. Bxd7 Rxd7 39. Nc5 Re7 40. Nd3 Rd4
41. Nc5 Rc4 42. Na6 d4 43. Nb8 d3 44. Nc6 Rd7 45. Ne5 d2 46. Rd1 Rc1 47. Ra1
Rxa1 {White resigns} 0-1

[Event "Team 45 45 League T56"]
[Site "Internet Chess Club"]
[Date "2013.03.24"]
[Round "5"]
[White "RdgMx"]
[Black "room-matt"]
[Result "1/2-1/2"]
[WhiteElo "1840"]
[BlackElo "1759"]
[Opening "Queen's bishop game"]
[ECO "D02"]
[Time "16:03:31"]
[TimeControl "2700+45"]

1. d4 d5 2. Nf3 Nf6 3. Bf4 c5 4. c3 Nc6 5. e3 Qb6 6. Qb3 c4 7. Qxb6 axb6 8. Nbd2
b5 9. Ne5 e6 10. Nxc6 bxc6 11. Be2 b4 12. O-O bxc3 13. bxc3 Ra3 14. Nb1 Ra5 15.
a4 c5 16. Nd2 cxd4 17. exd4 Be7 18. Bc7 Ra7 19. Bb6 Ra6 20. a5 O-O 21. Rfb1 Bd7
22. Bc7 Rfa8 23. Rb6 R6a7 24. Rb8+ Rxb8 25. Bxb8 Rb7 26. Rb1 Bb5 27. Bc7 Ne8 28.
Bb6 {Game drawn by mutual agreement} 1/2-1/2

[Event "Team 45 45 League T56"]
[Site "Internet Chess Club"]
[Date "2013.03.25"]
[Round "5"]
[White "chrisgianno"]
[Black "frank001"]
[Result "0-1"]
[WhiteElo "1665"]
[BlackElo "1840"]
[Opening "Queen's pawn game"]
[ECO "D02"]
[Time "16:36:43"]
[TimeControl "2700+45"]

1. d4 d5 2. Nf3 f5 3. Bf4 Nf6 4. Nbd2 c6 5. e3 e6 6. Ne5 Bd6 7. Ndf3 O-O 8. Bd3
Qe7 9. c3 Nbd7 10. Qc2 Ne4 11. Nxd7 Bxd7 12. Ne5 Be8 13. f3 Nf6 14. h3 Nd7 15.
O-O-O Nxe5 16. dxe5 Bc7 17. g4 Bd7 18. Rdg1 Kh8 19. gxf5 exf5 20. Bg5 Qc5 21. b4
Qb6 22. f4 Qxe3+ 23. Kb2 a5 24. Re1 Qb6 25. e6 Be8 26. Be7 Rg8 27. Bc5 axb4 28.
Bxb6 Bxb6 29. cxb4 Bd4+ 30. Kb1 c5 31. b5 c4 32. Bxc4 dxc4 33. Qxc4 Bf6 34. Rh2
Bh5 35. Rc2 h6 36. Qb3 Rgd8 37. Rec1 Kh7 38. Rc7 b6 39. Rd7 Re8 40. Rcc7 Bg6 41.
Qd5 Ra4 42. Kc2 Rxf4 43. Qc6 Rf2+ 44. Rd2 f4+ 45. Kd1 Rf1+ 46. Ke2 Rg1 47. Kf2
Rg3 48. Rc8 Re7 49. Qa8 Bf5 50. Re8 Re3 51. Rxe7 Bxe7 52. Qb8 Bh4+ 53. Kg2 Be4+
54. Kg1 Re1+ 55. Kh2 Bg3# {White checkmated} 0-1

[Event "Team 45 45 League T56"]
[Site "Internet Chess Club"]
[Date "2013.03.24"]
[Round "5"]
[White "pereelcoix"]
[Black "Signalman"]
[Result "1/2-1/2"]
[WhiteElo "1553"]
[BlackElo "1548"]
[Opening "Philidor: Improved Hanham variation"]
[ECO "B07"]
[Time "14:30:21"]
[TimeControl "2700+45"]

1. e4 d6 2. d4 Nf6 3. Nc3 Nbd7 4. Nf3 e5 5. Bc4 Be7 6. O-O O-O 7. Bg5 h6 8. Bxf6
Bxf6 9. dxe5 dxe5 10. Nd5 c6 11. Nxf6+ Qxf6 12. Qd3 Nc5 13. Qe3 Qe7 14. b4 Na4
15. Bb3 Nb6 16. a3 Kh8 17. c4 Bg4 18. h3 Bxf3 19. Qxf3 Rad8 20. Rfd1 Nd7 21. Qe3
c5 22. bxc5 Qxc5 23. Qxc5 Nxc5 24. Bc2 Rd4 25. Rxd4 exd4 26. Rd1 Rd8 27. f3 d3
28. Bb1 Rd4 29. Ba2 d2 30. Kf2 g5 31. Ke3 Rd3+ 32. Ke2 Rxa3 33. Bb1 Ra4 34. Rxd2
Kg7 35. Rc2 Ra1 36. Ba2 b6 37. g4 Rh1 38. Rd2 Rxh3 39. Ke3 Rh1 {Game drawn by
mutual agreement} 1/2-1/2

[Event "Team 45 45 League T56"]
[Site "Internet Chess Club"]
[Date "2013.03.25"]
[Round "5"]
[White "werty"]
[Black "Andressa"]
[Result "1-0"]
[WhiteElo "1573"]
[BlackElo "1483"]
[Opening "Queen's bishop game"]
[ECO "D00"]
[Time "15:45:03"]
[TimeControl "2700+45"]

1. d4 d5 2. Bf4 Nf6 3. Nf3 Nc6 4. e3 Bf5 5. c3 h6 6. Bb5 Bd7 7. O-O a6 8. Bd3
Bg4 9. Nbd2 e6 10. h3 Bxf3 11. Qxf3 Bd6 12. Rfe1 Qe7 13. e4 Nxe4 14. Nxe4 dxe4
15. Bxe4 Bxf4 16. Bxc6+ Kf8 17. Bxb7 Rb8 18. Bxa6 Qd6 19. Bd3 Rxb2 20. Qa8+ Ke7
21. Qxh8 Bh2+ 22. Kf1 Qf4 23. Re2 Rb6 24. Qxg7 {Black resigns} 1-0

[Event "Team 45 45 League T56"]
[Site "Internet Chess Club"]
[Date "2013.03.21"]
[Round "5"]
[White "David1"]
[Black "RedAttack"]
[Result "1-0"]
[WhiteElo "2262"]
[BlackElo "1849"]
[Opening "QGD: Marshall defense"]
[ECO "D06"]
[Time "13:03:52"]
[TimeControl "2700+45"]

1. d4 d5 2. c4 Nf6 3. cxd5 Qxd5 4. Nc3 Qd8 5. Bg5 e6 6. Nf3 Be7 7. e4 O-O 8. e5
Nd5 9. Bxe7 Qxe7 10. Be2 Rd8 11. Nxd5 exd5 12. O-O Nc6 13. Bb5 Bd7 14. Bxc6 Bxc6
15. Rc1 Rac8 16. Qd3 a6 17. Rfe1 Bb5 18. Qe3 Bd7 19. h3 c6 20. Qd3 g6 21. Qe3
Kg7 22. Ng5 Be6 23. a3 h6 24. Nf3 Rc7 25. Rc3 Rdc8 26. Rec1 b6 27. b4 Bf5 28.
Nd2 g5 29. Nf1 Qe6 30. Qe2 b5 31. Ne3 Qd7 32. Qd2 Be6 33. f4 gxf4 34. Nf1 Rg8
35. Qxf4 Kh7 36. Ng3 Rg5 37. Qe3 Rc8 38. h4 Rg6 39. Nh5 Kh8 40. Nf6 Qb7 41. h5
Rg5 42. Rf1 Kg7 43. Qf4 Rh8 44. Rg3 Rxg3 45. Qxg3+ Kf8 46. Rc1 Ke7 47. Qg7 Qc8
48. Nxd5+ Bxd5 49. Qf6+ Kd7 50. Qd6+ Ke8 51. Qxd5 Qg4 52. Qxc6+ Kf8 53. Qc8+ Kg7
{Black resigns} 1-0

[Event "Team 45 45 League T56"]
[Site "Internet Chess Club"]
[Date "2013.03.23"]
[Round "5"]
[White "RdgMx"]
[Black "HematiteBrown"]
[Result "0-1"]
[WhiteElo "1844"]
[BlackElo "2096"]
[Opening "King's Indian: London system"]
[ECO "A48"]
[Time "12:27:30"]
[TimeControl "2700+45"]

1. d4 Nf6 2. Nf3 g6 3. Bf4 Bg7 4. e3 O-O 5. Nbd2 d6 6. h3 Nbd7 7. Bc4 b6 8. O-O
Bb7 9. c3 Qe8 10. Bh2 e5 11. dxe5 dxe5 12. Qc2 Qe7 13. Rad1 Rad8 14. e4 Ne8 15.
b4 Nd6 16. Bb3 c5 17. a3 Rc8 18. Bd5 cxb4 19. axb4 Bxd5 20. exd5 Nb5 21. c4 Qxb4
22. Rb1 Na3 23. Rxb4 Nxc2 24. Ra4 a5 25. Rc1 Nb4 26. Re1 Nc5 27. Ra3 Nc2 28.
Raa1 Nxa1 29. Rxa1 e4 {White resigns} 0-1

[Event "Team 45 45 League T56"]
[Site "Internet Chess Club"]
[Date "2013.03.24"]
[Round "5"]
[White "pmcglothin"]
[Black "frank001"]
[Result "0-1"]
[WhiteElo "1837"]
[BlackElo "1831"]
[Opening "Réti: King's Indian attack (Barcza system)"]
[ECO "A07"]
[Time "06:08:02"]
[TimeControl "2700+45"]

1. Nf3 d5 2. g3 Nf6 3. Bg2 g6 4. O-O Bg7 5. d3 O-O 6. Nbd2 Re8 7. d4 c6 8. Nb3
Ne4 9. Ng5 Nxg5 10. Bxg5 h6 11. Bf4 g5 12. Bc1 Bg4 13. Qd3 Nd7 14. e4 e6 15. f4
f6 16. h3 Bh5 17. Kh2 Bg6 18. Bd2 Nf8 19. Rae1 Rc8 20. Re2 Rc7 21. fxg5 hxg5 22.
Ref2 Rd7 23. c3 Qc8 24. Nc5 Rde7 25. Qf3 b6 26. Nb3 Bxe4 27. Qe2 Bxg2 28. Kxg2
e5 29. dxe5 Rxe5 30. Qh5 c5 31. a3 Qc6 32. Kh2 Qb5 33. Qd1 Re2 34. Bc1 R8e5 35.
Kg1 a5 36. Nd2 Rxf2 37. Rxf2 Qd3 38. Qf3 Re3 39. Qd1 Rxg3+ 40. Kh1 Rxh3+ 41. Rh2
Ne6 42. Qg4 Rxh2+ 43. Kxh2 Nf4 44. Qf3 Qc2 45. Qh1 Bf8 46. Qe1 Kf7 47. Qh1 Bd6
{White resigns} 0-1

[Event "Team 45 45 League T56"]
[Site "Internet Chess Club"]
[Date "2013.03.24"]
[Round "5"]
[White "FlyingTiger"]
[Black "FourKnights"]
[Result "1-0"]
[WhiteElo "1773"]
[BlackElo "1751"]
[Opening "Sicilian: closed"]
[ECO "B23"]
[Time "18:04:10"]
[TimeControl "2700+45"]

1. e4 c5 2. Nc3 e6 3. Nf3 d5 4. exd5 exd5 5. Bb5+ Nc6 6. O-O Nf6 7. Ne5 Bd7 8.
Nxd7 Qxd7 9. Re1+ Be7 10. Qe2 d4 11. Bxc6 bxc6 12. Na4 Kf8 13. b3 g6 14. Ba3 Re8
15. Nxc5 Bxc5 16. Bxc5+ Kg7 17. Qd3 Rd8 18. Re7 Qd5 19. b4 a5 20. a3 Rhe8 21.
Rae1 Rxe7 22. Bxe7 Rd7 23. c4 dxc3 24. Qxc3 Qd4 25. Bxf6+ Qxf6 26. bxa5 Qxc3 27.
dxc3 Rd5 28. Ra1 Rxa5 29. Kf1 Rc5 30. a4 Rxc3 31. a5 Rd3 32. a6 Rd8 33. a7 Ra8
34. Ke2 Kf6 35. Kd3 Ke6 36. Kc4 Kd6 37. g4 f6 38. f4 h5 39. gxh5 gxh5 40. h4 f5
41. Ra5 c5 42. Ra6+ Kc7 43. Kxc5 Kb7 44. Ra4 Rc8+ 45. Kd6 Ka8 46. Ke6 Rg8 47.
Kxf5 Rg4 48. Kf6 Rxh4 49. Kg5 Rh1 50. f5 Rf1 51. Rf4 Rg1+ 52. Kxh5 Kxa7 53. f6
Rg8 54. f7 Rf8 55. Kg6 Kb7 56. Kg7 Rc8 57. f8=Q Rxf8 58. Kxf8 Kc7 59. Ke7 Kc6
60. Rd4 Kc5 61. Rd1 Kc4 {Black resigns} 1-0

[Event "Team 45 45 League T56"]
[Site "Internet Chess Club"]
[Date "2013.03.23"]
[Round "5"]
[White "chess9793"]
[Black "Jack-ONeill"]
[Result "1/2-1/2"]
[WhiteElo "2051"]
[BlackElo "2053"]
[Opening "Sicilian: accelerated fianchetto, modern variation with Bc4"]
[ECO "B35"]
[Time "16:02:59"]
[TimeControl "2700+45"]

1. e4 c5 2. Nf3 Nc6 3. d4 cxd4 4. Nxd4 g6 5. Nc3 Bg7 6. Be3 Nf6 7. Bc4 Qa5 8.
O-O O-O 9. Bb3 d6 10. h3 Bd7 11. f4 Nxd4 12. Bxd4 Bc6 13. Nd5 Rae8 14. Kh2 Nxe4
15. Bxg7 Kxg7 16. Qd4+ Nf6 17. Nxf6 exf6 18. Rf2 Qc5 19. Rd1 Re4 20. Qxc5 dxc5
21. Bd5 {Game drawn by mutual agreement} 1/2-1/2

[Event "Team 45 45 League T56"]
[Site "Internet Chess Club"]
[Date "2013.03.23"]
[Round "5"]
[White "Ptzz"]
[Black "ben622"]
[Result "1-0"]
[WhiteElo "2136"]
[BlackElo "1952"]
[Opening "Grünfeld: Makogonov variation"]
[ECO "D94"]
[Time "15:00:11"]
[TimeControl "2700+45"]

1. d4 Nf6 2. c4 g6 3. Nc3 d5 4. Nf3 Bg7 5. e3 O-O 6. b4 a5 7. b5 c5 8. bxc6 bxc6
9. c5 Bg4 10. Qa4 Bxf3 11. gxf3 e5 12. Ne2 Nfd7 13. Bb2 Qh4 14. Rc1 Bh6 15. Qa3
Re8 16. Rg1 exd4 17. Bxd4 Ne5 18. Rg3 Bg7 19. Qc3 Qh5 20. f4 Nf3+ 21. Rxf3 Bxd4
22. Nxd4 {Black resigns} 1-0

[Event "Team 45 45 League T56"]
[Site "Internet Chess Club"]
[Date "2013.03.22"]
[Round "5"]
[White "stile"]
[Black "Holgate"]
[Result "1-0"]
[WhiteElo "1811"]
[BlackElo "2005"]
[Opening "Sicilian: Najdorf, Adams attack"]
[ECO "B90"]
[Time "16:02:36"]
[TimeControl "2700+45"]

1. e4 c5 2. Nf3 d6 3. d4 cxd4 4. Nxd4 Nf6 5. Nc3 a6 6. h3 g6 7. g4 Bg7 8. Bg2
O-O 9. O-O Nc6 10. Be3 Bd7 11. Qd2 Rc8 12. Rad1 b5 13. Nd5 Nxd5 14. Nxc6 Rxc6
15. exd5 Rc4 16. b3 Rc3 17. Bg5 Re8 18. Rfe1 Qc7 19. Bxe7 Be5 20. Rxe5 dxe5 21.
Bf6 Qd6 22. Qxc3 Qxf6 23. Qd3 Qd6 24. c4 Rc8 25. Rc1 Rc7 26. Qe3 Rc5 27. Bf1 b4
28. Re1 Ra5 29. Qxe5 Qxe5 30. Rxe5 Kf8 31. Re2 h6 32. f3 f5 33. Kf2 f4 34. Rc2
Rc5 35. Bd3 Kf7 36. Be4 Kf6 37. h4 a5 38. Ke2 g5 39. hxg5+ hxg5 40. Kd3 Ke5 41.
Re2 Kd6 42. Kd4 Rc8 43. Rh2 {Black resigns} 1-0

[Event "Team 45 45 League T56"]
[Site "Internet Chess Club"]
[Date "2013.03.23"]
[Round "5"]
[White "PandorasBox"]
[Black "leland"]
[Result "0-1"]
[WhiteElo "1896"]
[BlackElo "1946"]
[Opening "English, 1...Nf6 (Anglo-Indian defense)"]
[ECO "A15"]
[Time "18:32:50"]
[TimeControl "2700+45"]

1. c4 Nf6 2. g3 g6 3. Bg2 Bg7 4. Nc3 d6 5. d3 O-O 6. e4 c5 7. Nge2 Nc6 8. O-O a6
9. f4 Rb8 10. h3 Qc7 11. a4 b6 12. Rb1 Bb7 13. Be3 Nb4 14. f5 Nd7 15. Nd5 Nxd5
16. cxd5 Rbc8 17. fxg6 hxg6 18. Qd2 b5 19. axb5 axb5 20. Nc3 b4 21. Na4 Ba6 22.
Rf2 Qb7 23. Bf1 Bb5 24. b3 Bxa4 25. bxa4 Ra8 26. Qd1 Nb6 27. d4 Nxa4 28. Rb3 Nc3
29. Qd3 Qc7 30. dxc5 dxc5 31. Kg2 Ra3 32. Rxa3 bxa3 33. Bf4 Qa7 34. Bc1 a2 35.
Bb2 a1=Q 36. Bxa1 Qxa1 37. Be2 Bd4 38. Rf1 Qb2 39. Re1 Ra8 40. Kf3 Ra3 41. Kg4
Bf2 42. d6 exd6 43. Qxd6 Nxe4 44. Qd8+ Kg7 45. Bf3 Nf6+ 46. Kh4 Bxe1 47. Be4
Bxg3+ {White resigns} 0-1

[Event "Team 45 45 League T56"]
[Site "Internet Chess Club"]
[Date "2013.03.25"]
[Round "5"]
[White "misuc56"]
[Black "Bluecat"]
[Result "0-1"]
[WhiteElo "1776"]
[BlackElo "1994"]
[Opening "QGD Slav defense"]
[ECO "D10"]
[Time "15:00:15"]
[TimeControl "2700+45"]

1. d4 d5 2. c4 c6 3. e3 Nf6 4. Nc3 e6 5. Bd2 Be7 6. Nf3 Nbd7 7. c5 e5 8. h3 e4
9. Nh2 O-O 10. Be2 Ne8 11. O-O f5 12. f4 Nc7 13. b4 a6 14. a4 Ne6 15. b5 g5 16.
fxg5 Bxg5 17. Kh1 axb5 18. axb5 Rxa1 19. Qxa1 Nxd4 20. bxc6 bxc6 21. Bd1 Ne6 22.
Na4 Ndxc5 23. Nxc5 Nxc5 24. Bb4 Bxe3 25. Qa3 Nd3 26. Bxf8 Qxf8 27. Qa2 Be6 28.
Ng4 Bf4 29. Nf2 Nxf2+ 30. Rxf2 Be5 31. Qa7 Bd6 32. Rc2 c5 33. Rb2 f4 34. Rb7 f3
35. gxf3 exf3 36. Bc2 f2 37. Bxh7+ Kh8 38. Qa1+ d4 39. Bd3 Qf3# {White
checkmated} 0-1

[Event "Team 45 45 League T56"]
[Site "Internet Chess Club"]
[Date "2013.03.23"]
[Round "5"]
[White "clarinetref"]
[Black "WOLFSPELZ"]
[Result "1-0"]
[WhiteElo "1660"]
[BlackElo "1557"]
[Opening "Réti opening"]
[ECO "A04"]
[Time "11:47:23"]
[TimeControl "2700+45"]

1. Nf3 b5 2. g3 Bb7 3. Bg2 e5 4. d3 g6 5. e4 Bg7 6. c3 c5 7. Be3 Qc7 8. Na3 a6
9. O-O Nf6 10. h3 O-O 11. Qc1 d6 12. Bh6 Nbd7 13. Nh4 Nh5 14. Bxg7 Kxg7 15. Bf3
Ndf6 16. Qg5 Bc8 17. Bg4 h6 18. Qd2 Nxg4 19. hxg4 Bxg4 20. Kg2 Qd7 21. Kh2 g5
22. Ng2 Bf3 23. Qe3 Bxg2 24. Kxg2 Nf6 25. d4 Qc6 26. d5 Qd7 27. f3 Nh5 28. Rh1
Kg6 29. Rh2 f5 30. Rah1 f4 31. gxf4 Nxf4+ 32. Kf2 Rh8 33. Nc2 Raf8 34. Qd2 c4
35. Ne3 Qa7 36. Kg3 Nd3 37. Nf5 Rxf5 38. exf5+ Kxf5 39. Rxh6 Rxh6 40. Rxh6 Qg1+
41. Qg2 Qe1+ 42. Kh2 Nf4 43. Qg4# {Black checkmated} 1-0

[Event "Team 45 45 League T56"]
[Site "Internet Chess Club"]
[Date "2013.03.23"]
[Round "5"]
[White "supermessi"]
[Black "tryanything"]
[Result "1-0"]
[WhiteElo "1604"]
[BlackElo "1546"]
[Opening "Budapest: Adler variation"]
[ECO "A52"]
[Time "20:00:34"]
[TimeControl "2700+45"]

1. d4 Nf6 2. c4 e5 3. dxe5 Ng4 4. Nf3 Bc5 5. e3 Nc6 6. Qd5 Qe7 7. Nc3 Ngxe5 8.
Nb5 d6 9. b3 Nb4 10. Qd1 Bf5 11. Na3 Nbd3+ 12. Bxd3 Nxd3+ 13. Ke2 Nf4+ 14. Ke1
Bb4+ 15. Nd2 Nxg2+ 16. Kf1 Bh3 17. Qf3 Nxe3+ 18. Kg1 Bg2 19. Qxe3 Qxe3 20. fxe3
Bxh1 21. Kxh1 Kd7 22. Nf3 Bxa3 23. Bxa3 Rae8 24. Re1 h6 25. Bb2 f6 26. Nh4 Re6
27. Kg2 Rhe8 28. Kf3 c6 29. Nf5 Rg8 30. Rg1 g5 31. Nxh6 Rh8 32. Ng4 Rf8 33. Bxf6
Rexf6+ 34. Nxf6+ Rxf6+ 35. Kg4 Rg6 36. Kf5 Rg8 37. Rxg5 Rf8+ 38. Kg4 Rf2 39. h4
Rxa2 40. h5 Rh2 41. Kf5 b5 42. cxb5 cxb5 43. Kg6 b4 44. h6 {Black resigns} 1-0

[Event "Team 45 45 League T56"]
[Site "Internet Chess Club"]
[Date "2013.03.21"]
[Round "5"]
[White "PostMike"]
[Black "JohLeb"]
[Result "1-0"]
[WhiteElo "1581"]
[BlackElo "1346"]
[Opening "Sicilian: Canal-Sokolsky (Nimzovich-Rossolimo, Moscow) attack"]
[ECO "B51"]
[Time "14:30:23"]
[TimeControl "2700+45"]

1. e4 c5 2. Nf3 d6 3. Bb5+ Nc6 4. O-O a6 5. Bxc6+ bxc6 6. d4 cxd4 7. Nxd4 Bb7 8.
Nc3 e5 9. Nb3 Nf6 10. f3 Be7 11. Be3 O-O 12. Na4 Rb8 13. Qe2 d5 14. Rad1 d4 15.
c3 Qc7 16. cxd4 Rfd8 17. Nac5 Bxc5 18. Nxc5 Ra8 19. Nxb7 Qxb7 20. dxe5 Ne8 21.
Bc5 Nc7 22. Rxd8+ Rxd8 23. b4 Ne6 24. Bd6 Nd4 25. Qc4 Nb5 26. Rd1 Qb6+ 27. Kf1
a5 28. a4 Na7 29. Rc1 axb4 30. Bxb4 Rd4 31. Qc5 Rxb4 32. Qe7 Qb8 33. Rd1 Rb1 34.
Rxb1 Qxb1+ 35. Kf2 Qb8 36. e6 fxe6 37. Qxe6+ Kf8 38. Qf5+ Kg8 39. Qe6+ Kh8 40.
Qd7 h6 41. e5 c5 42. e6 Qb2+ 43. Kg3 Qe5+ 44. f4 Qe3+ 45. Kg4 Qe2+ 46. Kf5 Qc2+
47. Ke5 Qc3+ 48. Kd6 Qd4+ 49. Kc7 Qxf4+ 50. Kb7 {Black resigns} 1-0

[Event "Team 45 45 League T56"]
[Site "Internet Chess Club"]
[Date "2013.03.20"]
[Round "5"]
[White "FlyingTiger"]
[Black "Portola"]
[Result "1/2-1/2"]
[WhiteElo "1757"]
[BlackElo "1837"]
[Opening "French: Rubinstein variation"]
[ECO "C10"]
[Time "19:01:31"]
[TimeControl "2700+45"]

1. e4 e6 2. d4 d5 3. Nc3 dxe4 4. Nxe4 Be7 5. Nf3 Nd7 6. Bd3 Ngf6 7. Nxf6+ Nxf6
8. Qe2 O-O 9. Bg5 Re8 10. O-O-O c5 11. dxc5 Qa5 12. Kb1 Qxc5 13. h4 h6 14. Bd2
Bd7 15. Ne5 a6 16. g4 Bb5 17. g5 Bxd3 18. Nxd3 Qb5 19. gxf6 Bxf6 20. Qg4 Red8
21. Qb4 Qc6 22. Qc5 Qf3 23. Qe3 Qc6 24. Ne5 Bxe5 25. Qxe5 Rxd2 26. Rc1 Rxc2 27.
Rcg1 g6 28. Qe3 Qb5 29. Rxg6+ fxg6 30. Qxe6+ Kg7 31. Qe7+ Kg8 32. Qe6+ Kg7 33.
Qe7+ Kg8 34. Qe6+ {Game drawn by repetition} 1/2-1/2